AoeStats
← dany91791

QS Arena

503660151Analyzed
1v1 RM · 1mo ago on Sep 1, 2026· 39m 57s· 2 players
Game mode
Random Map
Map size
Tiny (2 player)
Population
200
Speed
Normal
Resources
Standard
Victory
Conquest
Starting age
Dark Age
Ending age
Imperial Age
RankedLock teamsTeams togetherTeam positionsShared explorationLock speedFull tech treeHidden civsTurbo modeCheats
Victory
Defeat
🇵🇪 Chinese · Peru
593
+16
🇲🇽 Inca · Mexico
586
-16
dany91791
4:43 Loom
9:28 Feudal Age
10:03 Double-Bit Axe
10:25 Horse Collar
13:36 Town Watch
17:50 Castle Age
17:59 Forging
17:54 Scale Mail Armor
17:45 Fletching
17:56 Padded Archer Armor
19:04 Squires
18:56 Pikeman
19:06 Pikeman
19:11 Elite Skirmisher
24:21 Bodkin Arrow
24:41 Leather Archer Armor
25:02 Iron Casting
25:56 Bow Saw
27:25 Wheelbarrow
27:17 Town Patrol
30:40 Chain Mail Armor
29:53 Crossbowman
31:47 Heavy Plow
32:35 Champi Runner
33:25 Thumb Ring
33:42 Fortified Wall
33:28 Murder Holes
37:36 Imperial Age
36:34 Stone Mining
36:40 Gold Mining
37:18 Hand Cart
37:39 Arbalester
39:39 Blast Furnace
39:09 Plate Mail Armor
38:40 Bracer
Patt
8:59 Feudal Age
15:02 Castle Age
14:53 Bloodlines
16:12 Light Cavalry
17:44 Wheelbarrow
16:55 Double-Bit Axe
21:31 Man-at-Arms
23:21 Hand Cart
25:27 Crossbowman
26:12 Thumb Ring
26:59 Stone Mining
27:01 Gold Mining
27:40 Fletching
28:21 Bow Saw
28:59 Great Wall
29:58 Squires
29:19 Pikeman
29:45 Arson
30:08 Bodkin Arrow
30:14 Padded Archer Armor
31:28 Horse Collar
35:10 Imperial Age
33:45 Husbandry
34:24 Ballistics
33:57 Heated Shot
35:38 Gold Shaft Mining
35:41 Stone Shaft Mining
35:14 Elite Fire Lancer
36:00 Cavalier
36:49 Scale Barding Armor
37:00 Leather Archer Armor
36:45 Bracer
36:58 Forging
38:11 Two-Man Saw
37:15 Heavy Plow
38:35 Heavy Rocket Cart
40:19 Chemistry
Connection lost

Rejoining the realm…

Still unreachable

The connection could not be restored.

Session expired

The server has moved on; the page needs a fresh start.